[Event "Titled Tuesday Blitz April 18 Late 2023"]
[White "Volkmann, Andre Jordi"]
[Black "Sprenar, Petr"]
[WhiteFideId "2154463"]
[BlackFideId "397164"]
[WhiteElo "1999"]
[BlackElo "2182"]
[Result "0-1"]
[Round "05"]
[TimeControl "180+2"]
[Date "2023.04.18"]
[WhiteClock "0:00:05"]
[BlackClock "0:00:05"]

1. d4 d5 2. c4 e6 3. Nc3 Bb4 4. Nf3 Nf6 5. e3 O-O 6. Bd2 b6 7. cxd5 exd5 8. Bd3 Bb7 9. O-O Nbd7 10. Qc2 a6 11. Rac1 Re8 12. a3 Bd6 13. Ne2 Ne4 14. Ng3 g6 15. Bb4 c5 16. dxc5 bxc5 17. Bc3 Nxc3 18. Qxc3 d4 19. exd4 Bxf3 20. gxf3 h5 21. Ne4 cxd4 22. Qxd4 Bf4 23. Rc4 Ne5 24. Qxd8 Bxh2+ 25. Kxh2 Rexd8 26. Be2 Nxc4 27. Bxc4 Kg7 28. Rg1 Rd4 29. Ba2 a5 30. Ng5 Ra7 31. Kg3 Rd2 32. Bxf7 Rxf7 33. Nxf7 Kxf7 34. Rb1 a4 35. b4 axb3 36. Rxb3 Ra2 37. Rd3 Kf6 38. f4 Kf5 39. f3 Kf6 40. Rb3 Kf5 41. Rb5+ Kf6 42. Ra5 Ra1 43. f5 g5 44. f4 g4 45. Kh4 Rh1+ 46. Kg3 Rh3+ 47. Kg2 Rf3 0-1


[Site "https://www.chess.com"]

[Event "Titled Tuesday Blitz April 18 Late 2023"]
[White "D`Arruda, Ricardo D."]
[Black "Atanasov, Radislav"]
[WhiteFideId "100692"]
[BlackFideId "2901471"]
[WhiteElo "2444"]
[BlackElo "2077"]
[Result "1-0"]
[Round "05"]
[TimeControl "180+2"]
[Date "2023.04.18"]
[WhiteClock "0:01:37"]
[BlackClock "0:01:00"]

1. d4 Nf6 2. Nf3 e6 3. g3 c5 4. Bg2 cxd4 5. O-O Nc6 6. Nxd4 d5 7. c4 Be7 8. Nc3 O-O 9. Bg5 h6 10. Bxf6 Bxf6 11. Nxc6 bxc6 12. cxd5 cxd5 13. e4 d4 14. e5 Bxe5 15. Bxa8 dxc3 16. Qxd8 Rxd8 17. Rad1 Rf8 18. bxc3 Ba6 19. Rfe1 Bxc3 20. Re3 Bf6 21. Bf3 g6 22. h4 Bd8 23. Ra3 Bc4 24. Rxa7 Bf6 25. Ra8 Rxa8 26. Bxa8 Kg7 27. a4 1-0


[Site "https://www.chess.com"]

[Event "Titled Tuesday Blitz April 18 Late 2023"]
[White "Brod, Manfred"]
[Black "mistrzemi"]
[WhiteFideId "1602110"]
[WhiteElo "2095"]
[BlackElo "2427"]
[Result "0-1"]
[Round "05"]
[TimeControl "180+2"]
[Date "2023.04.18"]
[WhiteClock "0:00:27"]
[BlackClock "0:00:22"]

1. e4 e6 2. d4 d5 3. Nc3 Nf6 4. e5 Nfd7 5. f4 c5 6. Nf3 Nc6 7. Be3 Be7 8. Qd2 O-O 9. h4 Qa5 10. h5 cxd4 11. Nxd4 Nxd4 12. Bxd4 f6 13. O-O-O fxe5 14. fxe5 Nb6 15. Kb1 Nc4 16. Bxc4 dxc4 17. Rhf1 Bd7 18. h6 g6 19. Be3 Bc6 20. Bg5 Bb4 21. Bf6 Rf7 22. g3 b5 23. Qe3 Bf8 24. g4 b4 25. Ne4 b3 26. cxb3 cxb3 27. axb3 Qb6 28. Qxb6 Bxe4+ 29. Kc1 axb6 30. g5 Bb4 31. Rd6 Ra1# 0-1


[Site "https://www.chess.com"]

[Event "Titled Tuesday Blitz April 18 Late 2023"]
[White "Vanek, Tomas"]
[Black "Moral Garcia, Serafin"]
[WhiteFideId "313459"]
[BlackFideId "2201925"]
[WhiteElo "2052"]
[BlackElo "2274"]
[Result "0-1"]
[Round "05"]
[TimeControl "180+2"]
[Date "2023.04.18"]
[WhiteClock "0:00:07"]
[BlackClock "0:01:05"]

1. a3 Nf6 2. d4 b6 3. c4 e6 4. Nc3 Bb7 5. f3 d5 6. cxd5 exd5 7. e3 c5 8. Nh3 Bd6 9. Bd3 Nc6 10. dxc5 bxc5 11. O-O O-O 12. Nf4 Bxf4 13. exf4 c4 14. Bb1 d4 15. Ne4 d3 16. Ba2 Nxe4 17. fxe4 Qd4+ 18. Kh1 Qxe4 19. Re1 Qd5 20. Qg4 Nd4 21. f5 Rfe8 22. Bh6 g6 23. fxg6 hxg6 24. Be3 Re4 25. Qh3 Rae8 26. Bf2 Nc2 27. Rxe4 Rxe4 28. Rf1 Re2 29. Bb1 Ne3 30. Bxe3 Qxg2+ 31. Qxg2 Bxg2+ 32. Kg1 Bxf1 33. Bf4 Rxb2 34. Kxf1 Rxb1+ 35. Kf2 c3 36. Be5 c2 0-1


[Site "https://www.chess.com"]

[Event "Titled Tuesday Blitz April 18 Late 2023"]
[White "lluiss"]
[Black "Bilan, Danila"]
[BlackFideId "24161918"]
[WhiteElo "2292"]
[BlackElo "2182"]
[Result "1-0"]
[Round "05"]
[TimeControl "180+2"]
[Date "2023.04.18"]
[WhiteClock "0:00:11"]
[BlackClock "0:00:01"]

1. Nf3 d5 2. d4 Nf6 3. c4 c6 4. cxd5 cxd5 5. Nc3 Nc6 6. Bf4 Bf5 7. e3 e6 8. Bd3 Bg6 9. O-O Bd6 10. Bxd6 Qxd6 11. Ne1 O-O 12. Bxg6 hxg6 13. Nd3 Rfc8 14. Qd2 a6 15. Rfc1 Na5 16. b3 Nd7 17. Rc2 Rc7 18. Rac1 Rac8 19. h3 b6 20. Na4 Nf6 21. f3 Rxc2 22. Rxc2 Rxc2 23. Qxc2 b5 24. Qc8+ Kh7 25. Nac5 Nc6 26. Qxa6 Qc7 27. Qxb5 Ne7 28. Ne5 Nf5 29. Kf2 Qa7 30. a4 Nh5 31. Nb7 Qb8 32. g4 f6 33. gxh5 fxe5 34. hxg6+ Kxg6 35. Nc5 Qd8 36. Nxe6 Qh4+ 37. Ke2 Qxh3 38. Qe8+ Kf6 39. dxe5+ Kxe5 40. Nf4+ Kd6 41. Nxh3 1-0


[Site "https://www.chess.com"]

[Event "Titled Tuesday Blitz April 18 Late 2023"]
[White "Smith, Garrett L"]
[Black "Santos Flores, Alberto"]
[WhiteFideId "2024829"]
[BlackFideId "3601234"]
[WhiteElo "2290"]
[BlackElo "2235"]
[Result "1-0"]
[Round "05"]
[TimeControl "180+2"]
[Date "2023.04.18"]
[WhiteClock "0:00:20"]
[BlackClock "0:00:35"]

1. e4 c5 2. a3 e6 3. b4 Nf6 4. e5 Nd5 5. c4 Nb6 6. bxc5 Bxc5 7. d4 Be7 8. Bd3 d6 9. exd6 Bf6 10. Nf3 Nc6 11. Be3 O-O 12. O-O Bd7 13. Nbd2 e5 14. d5 Na5 15. Qc2 Rc8 16. Bxh7+ Kh8 17. Bf5 Naxc4 18. Nxc4 Nxc4 19. Bxd7 Qxd7 20. Ng5 g6 21. Qe4 Kg7 22. Rab1 Nxe3 23. Qxe3 b6 24. Ne4 Bd8 25. Rfc1 f5 26. Ng5 Re8 27. Ne6+ Kh7 28. Qxe5 Rxc1+ 29. Rxc1 b5 30. Rc3 1-0


[Site "https://www.chess.com"]

[Event "Titled Tuesday Blitz April 18 Late 2023"]
[White "StarkyNZ"]
[Black "Jaskolka, Tomasz"]
[BlackFideId "1170791"]
[WhiteElo "2274"]
[BlackElo "2155"]
[Result "0-1"]
[Round "05"]
[TimeControl "180+2"]
[Date "2023.04.18"]
[WhiteClock "0:01:21"]
[BlackClock "0:01:03"]

1. e4 c5 2. c3 Nf6 3. e5 Nd5 4. d4 cxd4 5. Nf3 e6 6. cxd4 d6 7. Bd3 Nc6 8. O-O Be7 9. a3 dxe5 10. dxe5 Qc7 11. Qe2 h6 12. b4 b6 13. Bb2 Bb7 14. Nbd2 Rd8 15. Rac1 Nf4 16. Qe4 Nxd3 17. b5 Nc5 18. Qg4 Na5 19. Qxg7 Rf8 20. Qxh6 Qb8 21. Ng5 Rxd2 22. Nxe6 Nxe6 0-1


[Site "https://www.chess.com"]

[Event "Titled Tuesday Blitz April 18 Late 2023"]
[White "Shubenkova, Veronika"]
[Black "Onslow, Alfie"]
[WhiteFideId "44124040"]
[BlackFideId "436976"]
[WhiteElo "2027"]
[BlackElo "2114"]
[Result "1-0"]
[Round "05"]
[TimeControl "180+2"]
[Date "2023.04.18"]
[WhiteClock "0:01:39"]
[BlackClock "0:00:08"]

1. e4 g6 2. d4 Bg7 3. c4 Nc6 4. Be3 e5 5. dxe5 Bxe5 6. Nc3 d6 7. Bd3 Nge7 8. Nge2 O-O 9. a3 f5 10. exf5 Bxf5 11. O-O Qd7 12. Ng3 Bxd3 13. Qxd3 Rae8 14. f4 Bg7 15. Rae1 Nf5 16. Bf2 Nxg3 17. hxg3 Qf5 18. Qd5+ Qxd5 19. Nxd5 Rc8 20. b4 Rfe8 21. b5 Na5 22. Ne7+ Kf7 23. Nxc8 Rxc8 24. Re4 Bf6 25. g4 h6 26. g5 Bg7 27. gxh6 Bxh6 28. Bd4 Nb3 29. Bc3 Nc5 30. Re2 Nd3 31. f5 Nf4 32. fxg6+ Kxg6 33. Re7 Rf8 34. Bd2 c6 35. Bxf4 Bxf4 36. g3 Bh6 37. Re6+ Kh5 38. Rxh6+ Kxh6 1-0


[Site "https://www.chess.com"]

[Event "Titled Tuesday Blitz April 18 Late 2023"]
[White "Georg, Heinz"]
[Black "Prydun, Andriy"]
[WhiteFideId "4607295"]
[BlackFideId "14145898"]
[WhiteElo "2263"]
[BlackElo "2164"]
[Result "0-1"]
[Round "05"]
[TimeControl "180+2"]
[Date "2023.04.18"]
[WhiteClock "0:00:01"]
[BlackClock "0:00:05"]

1. c4 Nf6 2. Nc3 c6 3. Nf3 d5 4. e3 e6 5. Qc2 Nbd7 6. a3 Be7 7. b4 O-O 8. Bb2 Re8 9. cxd5 exd5 10. Bd3 c5 11. bxc5 Nxc5 12. Be2 Bg4 13. d3 d4 14. Nxd4 Bxe2 15. Ncxe2 Qd7 16. O-O Rad8 17. Rac1 b6 18. Rfd1 Nd5 19. e4 Nc7 20. Nf5 Bf8 21. Neg3 N7e6 22. d4 Na4 23. Ba1 Bxa3 24. Rb1 Bf8 25. d5 Nec5 26. f3 g6 27. Ne3 b5 28. Ng4 Bg7 29. Bf6 Qxg4 30. fxg4 Bxf6 31. Rxb5 Rc8 32. Ra1 Bxa1 33. Qa2 Bd4+ 34. Kf1 Nc3 35. Qc4 Nxb5 36. Qxb5 Be5 37. Ne2 Nxe4 38. Qd3 Nd6 39. h4 Rc7 40. g3 Ra8 41. Nf4 a5 42. h5 a4 43. hxg6 hxg6 44. Nxg6 Bg7 45. Nh4 a3 46. g5 a2 47. Kg2 a1=Q 48. Kh3 Qh1+ 49. Kg4 Ra4+ 50. Kh5 Rc5 51. Qb3 Qxd5 52. Qb7 Qxg5# 0-1


[Site "https://www.chess.com"]

[Event "Titled Tuesday Blitz April 18 Late 2023"]
[White "Shapiro, Viktor"]
[Black "De Souza, Cristiano Gomes"]
[WhiteFideId "4175700"]
[BlackFideId "2151758"]
[WhiteElo "2152"]
[BlackElo "2068"]
[Result "1-0"]
[Round "05"]
[TimeControl "180+2"]
[Date "2023.04.18"]
[WhiteClock "0:00:11"]
[BlackClock "0:00:12"]

1. c4 Nf6 2. Nc3 g6 3. d4 d6 4. Bg5 Bg7 5. Nf3 h6 6. Bh4 g5 7. Bg3 Nh5 8. e3 e6 9. Qc2 Qe7 10. O-O-O Nd7 11. Nb5 Ndf6 12. c5 Nxg3 13. cxd6 cxd6 14. hxg3 Nd5 15. e4 a6 16. Nc3 Nxc3 17. bxc3 Bd7 18. Bd3 b5 19. Kb1 Rb8 20. Nd2 b4 21. Nb3 bxc3 22. Qxc3 Bb5 23. Bxb5+ Rxb5 24. Qc6+ Qd7 25. Qxa6 Ke7 26. e5 dxe5 27. dxe5 Rd5 28. Qa3+ Ke8 29. Qa8+ Ke7 30. Rxd5 Qxd5 31. Qxd5 exd5 32. f4 gxf4 33. gxf4 f6 34. exf6+ Bxf6 35. g3 Rg8 36. Rh3 Ke6 37. a4 Kf5 38. a5 Bc3 39. Kc2 Bb4 40. Kd3 Kg4 41. Rxh6 Kxg3 42. f5 Kf4 43. Rb6 Rg3+ 44. Kc2 Rg2+ 45. Kb1 Bc3 46. f6 Ke4 47. f7 Bg7 48. a6 Kd3 49. Nc1+ Kc4 50. a7 Rg1 51. a8=Q Bh6 52. Qc6+ Kd4 53. Rb4+ Ke5 54. Qxh6 1-0


[Site "https://www.chess.com"]

[Event "Titled Tuesday Blitz April 18 Late 2023"]
[White "Simonovic, Miroslav"]
[Black "Marczuk, Dominik"]
[WhiteFideId "919152"]
[BlackFideId "1111264"]
[WhiteElo "2042"]
[BlackElo "2174"]
[Result "0-1"]
[Round "05"]
[TimeControl "180+2"]
[Date "2023.04.18"]
[WhiteClock "0:00:06"]
[BlackClock "0:00:08"]

1. d4 Nf6 2. Bg5 d5 3. Bxf6 gxf6 4. e3 c5 5. c4 e6 6. cxd5 Qxd5 7. Nc3 Qd8 8. dxc5 Bxc5 9. Qxd8+ Kxd8 10. O-O-O+ Ke7 11. g3 f5 12. Bg2 Nc6 13. Nge2 a6 14. a3 Bd7 15. b4 Ba7 16. Rd2 Rhd8 17. Rhd1 Be8 18. Kb2 Rxd2+ 19. Rxd2 Rc8 20. Kb3 Rc7 21. Nf4 Rd7 22. Rxd7+ Bxd7 23. h4 Bb8 24. Nd3 Bd6 25. Na4 Nd8 26. Nac5 Bc8 27. f4 b6 28. Na4 Bc7 29. e4 fxe4 30. Bxe4 f5 31. Bf3 Nf7 32. Nc3 Kf6 33. b5 a5 34. a4 Bd6 35. Kc4 Nd8 36. Bc6 Nb7 37. Ne2 Nc5 38. Nxc5 Bxc5 39. Nd4 Bb4 40. Bf3 Be1 41. Ne2 e5 42. fxe5+ Kxe5 43. h5 Be6+ 44. Kd3 Bb3 45. g4 fxg4 46. Bxg4 Bxa4 47. Bd7 Bd1 48. Bc6 Bb4 49. Nc3 Bxh5 50. Nd5 Bc5 51. Nc7 Bg6+ 52. Kd2 h5 53. Na6 Bd4 54. Ke2 h4 55. Nc7 h3 56. Kf1 Bd3+ 57. Ke1 h2 58. Bh1 Be4 59. Bxe4 Kxe4 60. Kd2 h1=Q 61. Ne6 Qg2+ 62. Kc1 Be3+ 63. Kb1 Qf1+ 64. Ka2 Qc4+ 65. Ka3 Qxe6 66. Ka4 Qc4+ 67. Ka3 Qxb5 68. Ka2 Bd4 69. Ka3 Qb4+ 70. Ka2 Qb2# 0-1


[Site "https://www.chess.com"]

[Event "Titled Tuesday Blitz April 18 Late 2023"]
[White "Estrada Nieto, Julian"]
[Black "Antonio, Jorge Carlos"]
[WhiteFideId "5101018"]
[BlackFideId "113190"]
[WhiteElo "2161"]
[BlackElo "2247"]
[Result "0-1"]
[Round "05"]
[TimeControl "180+2"]
[Date "2023.04.18"]
[WhiteClock "0:00:06"]
[BlackClock "0:00:14"]

1. e4 e5 2. Nf3 Nc6 3. Bb5 f5 4. d3 fxe4 5. dxe4 Nf6 6. O-O Bc5 7. Qd3 d6 8. Nc3 a6 9. Bc4 Na5 10. Bg5 Nxc4 11. Qxc4 Qe7 12. Nd5 Be6 13. Nxc7+ Qxc7 14. Qxe6+ Qe7 15. Qxe7+ Kxe7 16. Rfd1 Ke6 17. Bxf6 gxf6 18. g3 f5 19. exf5+ Kxf5 20. Kg2 Rhf8 21. c3 Ke6 22. Ng5+ Kf5 23. b4 Ba7 24. Nf3 Ke6 25. Ng5+ Kf5 26. h4 h6 27. Nf3 Ke6 28. Rd2 Rac8 29. Rc1 d5 30. Re2 e4 31. Nd2 b5 32. Rc2 Ke5 33. Nb3 Rf3 34. Na5 Rfxc3 35. Rxc3 Rxc3 36. f4+ Kf5 37. Rd2 d4 38. Kh3 e3 39. Re2 Ke4 40. Nb7 d3 41. Re1 d2 42. Re2 Kf3 43. Rg2 d1=Q 44. Nd6 Qh1+ 45. Rh2 Qxh2+ 46. Kxh2 e2 47. Nf5 e1=Q 48. h5 Rc2+ 0-1


[Site "https://www.chess.com"]

[Event "Titled Tuesday Blitz April 18 Late 2023"]
[White "Mikheev, Stanislav"]
[Black "Romero Ruscalleda, Josep"]
[WhiteFideId "4135920"]
[BlackFideId "2231859"]
[WhiteElo "2230"]
[BlackElo "2183"]
[Result "1-0"]
[Round "05"]
[TimeControl "180+2"]
[Date "2023.04.18"]
[WhiteClock "0:00:27"]
[BlackClock "0:00:08"]

1. c4 g6 2. g3 Bg7 3. Bg2 d6 4. d4 Nf6 5. Nf3 O-O 6. O-O Bf5 7. Nc3 Ne4 8. Qb3 Nxc3 9. bxc3 Nd7 10. Nh4 Nb6 11. Nxf5 gxf5 12. Bxb7 Rb8 13. Bg2 c5 14. Rd1 Qc7 15. d5 Nxd5 16. Bxd5 Rxb3 17. axb3 e6 18. Bf3 Bxc3 19. Ra6 Rd8 20. Bf4 e5 21. Bg5 Rd7 22. Bc6 Qc8 23. Bxd7 Qxa6 24. Bxf5 Kg7 25. h4 f6 26. Be3 Qa2 27. Rxd6 Bd4 28. Rd7+ Kf8 29. Bh6+ Ke8 30. e3 Bc3 31. Rb7 Qa1+ 32. Kg2 Qa6 33. Be4 Kd8 34. Rxh7 Qb6 35. Rb7 Qd6 36. Bg7 Kc8 37. h5 Qe6 38. h6 f5 39. h7 fxe4 40. Rxa7 Kb8 41. Ra2 Qf7 42. h8=Q+ Kb7 43. Qa8+ Kb6 44. Ra6+ 1-0


[Site "https://www.chess.com"]

[Event "Titled Tuesday Blitz April 18 Late 2023"]
[White "Estremera Panos, Sergio"]
[Black "Fernandez Garcia, Gumersindo"]
[WhiteFideId "2200864"]
[BlackFideId "24516740"]
[WhiteElo "2253"]
[BlackElo "2093"]
[Result "1-0"]
[Round "05"]
[TimeControl "180+2"]
[Date "2023.04.18"]
[WhiteClock "0:00:17"]
[BlackClock "0:00:02"]

1. d4 Nf6 2. c4 d6 3. Nf3 Nbd7 4. Nc3 e5 5. e3 g6 6. Bd3 Bg7 7. O-O O-O 8. d5 Nc5 9. e4 a5 10. b3 Nh5 11. Ne1 Bf6 12. Be3 b6 13. Qd2 Ng7 14. Rb1 Be7 15. a3 f5 16. f3 f4 17. Bf2 g5 18. b4 axb4 19. axb4 Nxd3 20. Nxd3 h5 21. c5 bxc5 22. bxc5 g4 23. Nb4 Bd7 24. c6 Bc8 25. Ra1 Rb8 26. Rfb1 gxf3 27. gxf3 Bh4 28. Ba7 Ra8 29. Kh1 Bh3 30. Rg1 Kh8 31. Nc2 Qf6 32. Bf2 Rxa1 33. Rxa1 Rg8 34. Rg1 Ne8 35. Qe1 Bxf2 36. Qxf2 Rxg1+ 37. Qxg1 Qh4 38. Ne2 Ng7 39. Ne1 Bc8 40. Ng2 Qh3 41. Qf2 Kh7 42. Ng1 Bg4 43. Nxh3 Bxh3 44. Qh4 Bc8 45. Qd8 1-0


[Site "https://www.chess.com"]

[Event "Titled Tuesday Blitz April 18 Late 2023"]
[White "Pein, Jonathan"]
[Black "Sariego Figueredo, Wilfredo"]
[WhiteFideId "417092"]
[BlackFideId "3500080"]
[WhiteElo "2151"]
[BlackElo "2309"]
[Result "1-0"]
[Round "05"]
[TimeControl "180+2"]
[Date "2023.04.18"]
[WhiteClock "0:00:47"]
[BlackClock "0:00:05"]

1. e4 c5 2. g3 a6 3. Bg2 Nc6 4. Ne2 b5 5. d4 cxd4 6. Nxd4 Bb7 7. O-O e5 8. Nf5 g6 9. Nd6+ Bxd6 10. Qxd6 Qe7 11. Qc7 d6 12. Qb6 Nf6 13. Bg5 Rb8 14. Nc3 Qe6 15. Bh6 Nd7 16. Qc7 Nd4 17. Rad1 f6 18. f4 Kf7 19. fxe5 dxe5 20. Nd5 Bxd5 21. exd5 Qe7 22. Bh3 Nb6 23. Be6+ Ke8 24. Qxb8+ Qd8 25. Qb7 Nxe6 26. dxe6 1-0


[Site "https://www.chess.com"]

[Event "Titled Tuesday Blitz April 18 Late 2023"]
[White "Sailer, Mike"]
[Black "KorolDimitriy75"]
[WhiteFideId "2012901"]
[WhiteElo "2109"]
[BlackElo "2381"]
[Result "1-0"]
[Round "05"]
[TimeControl "180+2"]
[Date "2023.04.18"]
[WhiteClock "0:00:10"]
[BlackClock "0:00:02"]

1. d4 Nf6 2. Bg5 Ne4 3. Bf4 c5 4. f3 Nf6 5. d5 d6 6. e4 g6 7. c4 Bg7 8. Nc3 O-O 9. Bd3 a6 10. Nge2 e6 11. a4 exd5 12. cxd5 Re8 13. O-O Nh5 14. Bd2 Nd7 15. Qc1 Ne5 16. Bc2 Nc4 17. Bg5 Qb6 18. b3 Ne5 19. Be3 Bd7 20. h3 f5 21. exf5 Bxf5 22. Bxf5 gxf5 23. Rb1 Ng6 24. Bh6 Rac8 25. Bxg7 Nxg7 26. Kh1 Re7 27. Nf4 Rce8 28. Nxg6 hxg6 29. Qh6 Kf7 30. Qf4 Re3 31. Nd1 R3e5 32. Nf2 Re3 33. h4 1-0


[Site "https://www.chess.com"]

[Event "Titled Tuesday Blitz April 18 Late 2023"]
[White "Aranda Marin, Cristian"]
[Black "Dahlgren, James Allen"]
[WhiteFideId "2205513"]
[BlackFideId "22256873"]
[WhiteElo "2233"]
[BlackElo "2182"]
[Result "1-0"]
[Round "05"]
[TimeControl "180+2"]
[Date "2023.04.18"]
[WhiteClock "0:00:48"]
[BlackClock "0:00:50"]

1. b3 e6 2. Bb2 d5 3. f4 Nf6 4. Nf3 c5 5. e3 Be7 6. Bb5+ Nc6 7. Bxc6+ bxc6 8. d3 O-O 9. Qe2 Rb8 10. Nbd2 a5 11. a4 Ba6 12. O-O Qb6 13. Ne5 Rfd8 14. Kh1 Nd7 15. Nxd7 Rxd7 16. Rf3 f6 17. e4 d4 18. Ba3 Qc7 19. e5 f5 20. h3 Kh8 21. g4 Rf8 22. Qg2 g6 23. Qf2 Bb7 24. Rg1 Rg8 25. g5 c4 26. Bxe7 Rxe7 27. Nxc4 c5 28. Kh2 Bxf3 29. Qxf3 Rd7 30. h4 Kg7 31. Rg3 Kf8 32. Rh3 Rd8 33. Qe2 Ra8 34. h5 Qc6 35. Kg3 Ra7 36. Qh2 Qc7 37. hxg6 hxg6 38. Kf2 Qg7 39. Nd6 Rd7 40. Qh1 Ra7 41. Qc6 Qc7 42. Qe8+ Kg7 43. Qxe6 Rh8 44. Qf6+ 1-0


[Site "https://www.chess.com"]

[Event "Titled Tuesday Blitz April 18 Late 2023"]
[White "Marin Masis, Jose Esteban"]
[Black "Marcziter, Dmitrii"]
[WhiteFideId "6508146"]
[BlackFideId "13900765"]
[WhiteElo "1838"]
[BlackElo "2162"]
[Result "0-1"]
[Round "05"]
[TimeControl "180+2"]
[Date "2023.04.18"]
[WhiteClock "0:00:06"]
[BlackClock "0:01:23"]

1. e4 c5 2. Nf3 a6 3. d4 cxd4 4. Nxd4 e6 5. c4 Qc7 6. Nc3 Nf6 7. Bd3 Nc6 8. Nxc6 bxc6 9. O-O e5 10. Bg5 Be7 11. a3 a5 12. Qf3 O-O 13. Na4 d6 14. c5 Rb8 15. Rfd1 Bg4 16. Qg3 Bxd1 17. Rxd1 Nh5 18. Qh4 Bxg5 19. Qxg5 Nf4 20. Bc4 d5 21. exd5 cxd5 22. Bf1 f6 23. Qf5 Qc8 24. Qc2 Qc6 25. g3 Ne6 26. Nc3 Nd4 27. Qc1 Qxc5 28. Bg2 e4 29. Na4 Qxc1 30. Rxc1 Ne2+ 0-1


[Site "https://www.chess.com"]

[Event "Titled Tuesday Blitz April 18 Late 2023"]
[White "Tarnowska, Aleksandra"]
[Black "micke12a"]
[WhiteFideId "1180967"]
[WhiteElo "1776"]
[BlackElo "2363"]
[Result "0-1"]
[Round "05"]
[TimeControl "180+2"]
[Date "2023.04.18"]
[WhiteClock "0:00:01"]
[BlackClock "0:00:30"]

1. e4 c5 2. Nf3 d6 3. Bb5+ Bd7 4. Bxd7+ Qxd7 5. O-O Nf6 6. Nc3 Nc6 7. d4 cxd4 8. Nxd4 g6 9. Bg5 Bg7 10. Nxc6 bxc6 11. h3 O-O 12. e5 Ne8 13. exd6 exd6 14. Qf3 d5 15. Rfe1 Nd6 16. Re7 Qf5 17. Qg3 Nc4 18. Na4 Rfe8 19. Rae1 Rxe7 20. Rxe7 Qxc2 21. b3 Nd2 22. Bxd2 Qxd2 23. Qc7 Rf8 24. Qxc6 d4 25. Qe4 d3 26. Qe1 Qxa2 27. Qd1 d2 28. Re2 Rd8 29. Nc5 Qa1 30. Qxa1 Bxa1 0-1


[Site "https://www.chess.com"]

[Event "Titled Tuesday Blitz April 18 Late 2023"]
[White "Buchenau, Frank"]
[Black "Vargas Rodriguez, Wilver"]
[WhiteFideId "4604350"]
[BlackFideId "3509672"]
[WhiteElo "2157"]
[BlackElo "2224"]
[Result "0-1"]
[Round "05"]
[TimeControl "180+2"]
[Date "2023.04.18"]
[WhiteClock "0:00:51"]
[BlackClock "0:00:09"]

1. e4 c5 2. Nf3 d6 3. Bb5+ Bd7 4. Bxd7+ Nxd7 5. O-O Ngf6 6. Qe2 g6 7. c3 Bg7 8. d4 cxd4 9. cxd4 e5 10. Nc3 O-O 11. Be3 exd4 12. Nxd4 Re8 13. Ndb5 Nxe4 14. Nxe4 Rxe4 15. Nxd6 Rb4 16. Rab1 Ne5 17. Rfd1 Qc7 18. a3 Rh4 19. Rbc1 Qe7 20. g3 Rh5 21. Bf4 Qf6 22. Ne4 Qf5 23. Rd5 Nf3+ 24. Qxf3 Qxd5 25. Nf6+ Bxf6 0-1


[Site "https://www.chess.com"]

[Event "Titled Tuesday Blitz April 18 Late 2023"]
[White "Todorovic, Bojan"]
[Black "Oliveira, Tiago Batista"]
[WhiteFideId "917087"]
[BlackFideId "2108291"]
[WhiteElo "2266"]
[BlackElo "1962"]
[Result "1-0"]
[Round "05"]
[TimeControl "180+2"]
[Date "2023.04.18"]
[WhiteClock "0:01:01"]
[BlackClock "0:00:14"]

1. Nf3 Nf6 2. g3 g6 3. Bg2 Bg7 4. O-O O-O 5. c4 Nc6 6. Nc3 e5 7. d3 d6 8. Bg5 h6 9. Bxf6 Qxf6 10. Nd5 Qd8 11. b4 Ne7 12. Nd2 Nxd5 13. cxd5 f5 14. Rc1 Rf7 15. Qb3 Qg5 16. Rc2 h5 17. Rfc1 Qd8 18. Rc4 b5 19. R4c2 Bb7 20. a4 a6 21. Ra2 Qd7 22. Rca1 Raf8 23. axb5 Qxb5 24. Rc1 e4 25. Qc4 Bxd5 26. Qxb5 axb5 27. Ra7 c6 28. Rxf7 Rxf7 29. dxe4 fxe4 30. Bxe4 Bxe4 31. Nxe4 d5 32. Ng5 Rf5 33. Ne6 Re5 34. Nd4 Re6 35. Nxe6 1-0


[Site "https://www.chess.com"]

[Event "Titled Tuesday Blitz April 18 Late 2023"]
[White "merinasian"]
[Black "Barria Santos, Jose Guilherme"]
[BlackFideId "1939300"]
[WhiteElo "2352"]
[BlackElo "2266"]
[Result "0-1"]
[Round "05"]
[TimeControl "180+2"]
[Date "2023.04.18"]
[WhiteClock "0:01:20"]
[BlackClock "0:01:04"]

1. d4 Nf6 2. Nf3 g6 3. c4 Bg7 4. Nc3 d6 5. e4 O-O 6. h3 e5 7. d5 a5 8. Be3 Na6 9. Nd2 b6 10. g4 Nc5 11. Be2 Ne8 12. Qc2 Bf6 13. Bh6 Bg7 14. Be3 Bf6 15. Nf3 Bg7 16. Rg1 a4 17. Bxc5 bxc5 18. Nxa4 Bd7 19. Nc3 f5 20. gxf5 gxf5 21. exf5 Bxf5 22. Bd3 e4 23. Bxe4 Qe7 24. Ng5 Nf6 25. f3 Nxe4 26. fxe4 Bd4 27. Rg2 Bg6 28. Ne6 Qh4+ 29. Kd1 Rf1+ 30. Kd2 Rxa1 31. Nxd4 cxd4 32. Ne2 Qh6+ 0-1


[Site "https://www.chess.com"]

[Event "Titled Tuesday Blitz April 18 Late 2023"]
[White "Ozalp, Burak"]
[Black "ritanovikova"]
[WhiteFideId "6314210"]
[WhiteElo "2106"]
[BlackElo "2126"]
[Result "1-0"]
[Round "05"]
[TimeControl "180+2"]
[Date "2023.04.18"]
[WhiteClock "0:01:10"]
[BlackClock "0:00:24"]

1. e4 d5 2. exd5 Qxd5 3. Nc3 Qd6 4. d4 Nf6 5. Nf3 Bf5 6. g3 a6 7. Bg2 Nc6 8. O-O e6 9. Bf4 Qd8 10. Nh4 Bg4 11. Qd3 Nb4 12. Qc4 c6 13. h3 Bh5 14. Bg5 Be7 15. a3 Nbd5 16. Nxd5 Nxd5 17. Bxe7 Qxe7 18. Rfe1 Qd6 19. Nf5 Qd7 20. Nxg7+ Kf8 21. Nxh5 1-0


[Site "https://www.chess.com"]

[Event "Titled Tuesday Blitz April 18 Late 2023"]
[White "Seder, Mohammed"]
[Black "Torres Dominguez, David"]
[WhiteFideId "11505567"]
[BlackFideId "2220857"]
[WhiteElo "1862"]
[BlackElo "1999"]
[Result "0-1"]
[Round "05"]
[TimeControl "180+2"]
[Date "2023.04.18"]
[WhiteClock "0:00:05"]
[BlackClock "0:00:17"]

1. e4 Nc6 2. Nf3 e5 3. Bb5 Nge7 4. O-O g6 5. c3 Bg7 6. d4 O-O 7. Bg5 exd4 8. cxd4 f6 9. Bf4 d5 10. exd5 Nxd5 11. Bxc6 bxc6 12. Bg3 Rb8 13. Nbd2 Rxb2 14. Nb3 Nc3 15. Qd3 Ne2+ 16. Kh1 Bf5 17. Qc4+ Qd5 18. Qxd5+ cxd5 19. Bxc7 Rc8 20. Bd6 Rcc2 21. Ne1 Rc6 22. Ba3 Rb1 23. Nf3 Rxa1 24. Rxa1 Rc2 25. Ne1 Rc4 26. Bc5 a6 27. a4 Bc2 28. Na5 Rc3 29. Bb4 Rc8 30. Nb7 Nxd4 31. Nd6 Rc6 32. Rc1 Bh6 33. Ra1 Bb3 34. a5 Nc2 35. Nxc2 Rxc2 36. Nb7 Rc1+ 37. Rxc1 Bxc1 38. Nc5 Bc4 39. Nd7 Kf7 40. Bc3 f5 41. Ne5+ Ke6 42. f3 Be3 43. g3 Bb5 44. Bb2 d4 45. Kg2 d3 46. f4 d2 47. Kf3 d1=Q+ 48. Kxe3 Qb3+ 49. Kd4 Qxb2+ 50. Kc5 Qxe5+ 51. Kb6 Qd6+ 52. Ka7 Qd7+ 53. Kb6 Qc6+ 54. Ka7 Qc7+ 55. Ka8 Bc6# 0-1


[Site "https://www.chess.com"]

[Event "Titled Tuesday Blitz April 18 Late 2023"]
[White "Pesotskiy, Mikhail"]
[Black "Aqib Javaid Butt"]
[WhiteFideId "34164453"]
[BlackFideId "7801262"]
[WhiteElo "2131"]
[BlackElo "1659"]
[Result "1-0"]
[Round "05"]
[TimeControl "180+2"]
[Date "2023.04.18"]
[WhiteClock "0:00:21"]
[BlackClock "0:00:35"]

1. d4 d5 2. c4 c6 3. Nf3 Nf6 4. Nbd2 Bf5 5. Nh4 Bc8 6. Qb3 e6 7. e3 Ne4 8. Nhf3 Nxd2 9. Bxd2 Be7 10. Bd3 Nd7 11. O-O O-O 12. Rac1 f5 13. Bb4 Bxb4 14. Qxb4 Nf6 15. Ne5 a5 16. Qb3 Ne4 17. Rfd1 Qh4 18. g3 Qh3 19. Bf1 Qh5 20. f3 Ng5 21. Bg2 Nh3+ 22. Kf1 Ng5 23. h4 Nf7 24. Nd3 Nd6 25. Nf4 Qf7 26. c5 Nc4 27. Qc3 a4 28. b3 axb3 29. axb3 Na3 30. Nd3 Nb5 31. Qb2 Qc7 32. Kf2 b6 33. Ra1 Bb7 34. b4 Rxa1 35. Rxa1 Ra8 36. Bf1 Qd8 37. Rxa8 Bxa8 38. Qa1 Bb7 39. cxb6 Qxb6 40. Nc5 Nd6 41. Qa5 Qxa5 42. bxa5 Kf7 43. Nxb7 Nxb7 44. a6 1-0


[Site "https://www.chess.com"]